 Dungeon Crawl Stone Soup version bcrawl-1.12-11-gb93c957 (webtiles) character file.

Game seed: 68430109389648228

540 Raine357 the Cudgeler (level 7, -1/57 HPs)
             Began as a Sand Dwarf Skald on June 19, 2019.
             Killed by divine providence
             ... invoked by an orc priest
              (10 damage)
             ... on level 4 of the Dungeon.
             The game lasted 00:14:45 (3582 turns).

Raine357 the Cudgeler (Sand Dwarf Skald)            Turns: 3582, Time: 00:14:45

Health: -1/57      AC:  7    Str: 15    XL:     7   Next: 26%
Magic:  6/12       EV: 13    Int: 16    God:
Gold:   46         SH:  0    Dex: 10    Spells: 4/13 levels left

rFire    + . .     SeeInvis .   a - +2 flail (crush)
rCold    . . .     Gourm    .   (shield restricted)
rNeg     . . .     Faith    .   o - +0 ring mail {rF+}
rPois    .         Spirit   .   n - +1 helmet
rElec    .         Reflect  .   (no cloak)
rCorr    .         Harm     .   (no gloves)
MR       .....                  (no boots)
Stlth    ..........             (no amulet)
HPRegen  0.19/turn              (no ring)
MPRegen  0.13/turn              (no ring)

@: infused, singing, slow
A: small, hooves 1, slowness 1, armour attunement
a: no special abilities


You were on level 4 of the Dungeon.
You were not hungry.

You visited 1 branch of the dungeon, and saw 4 of its levels.

You collected 259 gold pieces.
You spent 213 gold pieces at shops.

Inventory:

Hand Weapons
 a - a +2 flail of crushing (weapon)
   (You found it on level 2 of the Dungeon)
 b - a +0 morningstar of draining
   (You bought it in a shop on level 4 of the Dungeon)
Missiles
 e - 126 arrows
 g - 150 tomahawks
 i - 58 poisoned tomahawks (quivered)
 p - 215 stones
 t - 93 sling bullets
Armour
 n - a +1 helmet (worn)
   (You took it off Robin on level 1 of the Dungeon)
 o - a +0 ring mail of fire resistance (worn)
   (You found it on level 3 of the Dungeon)
Scrolls
 d - a scroll of fear
 k - 2 scrolls of teleportation
 l - 3 scrolls of remove curse
 q - 2 scrolls of magic mapping
Potions
 c - a potion of curing {unknown}
 h - a potion of flight {unknown}
 j - 2 potions of haste {unknown}
 m - 4 potions of lignification {unknown}
 s - a potion of heal wounds {unknown}
Comestibles
 f - 11 rations {!d}
 r - a chunk of flesh


   Skills:
 - Level 3.0 Fighting
 + Level 6.5 Maces & Flails
 - Level 1.2 Armour
 - Level 1.5 Dodging
 + Level 3.5 Spellcasting
 + Level 5.0 Charms
 - Level 2.1 Necromancy
 - Level 1.1 Ice Magic


You had 4 spell levels left.
You knew the following spells:

 Your Spells              Type           Power        Failure   Level  Hunger
a - Infusion              Chrm           ###.....     2%          1    None
o - Ozocubu's Armour      Chrm/Ice       ##......     14%         3    ###....
r - Regeneration          Chrm/Necr      ##........   12%         3    ###....
s - Song of Slaying       Chrm           ###.....     3%          2    ##.....

Your spell library contained the following spells:

 Spells                   Type           Power        Failure   Level  Hunger
 Spectral Weapon          Hex/Chrm       ##......     19%         3    ###....


Dungeon Overview and Level Annotations

Branches:
Dungeon (4/12)
 Temple: D:4-7

Altars:

Shops:
D:4 ((![

Annotations:
D:1 exclusion: downstairs


Innate Abilities, Weirdness & Mutations

You are small and have problems with some larger weapons.
You cover ground slowly.
Armour does not affect your spellcasting.
You have large cloven feet.


Message History

Found a stone staircase leading down.
Some of the chunks of flesh in your inventory have rotted away.
There is a stone staircase leading down here.
All of the chunks of flesh in your inventory have rotted away.
Found a whip.
You are feeling hungry.
You see here a whip.
A ball python and an orc come into view.
The ball python hisses angrily.
The ball python misses you. The ball python grabs you.
The ball python constricts you.
Casting: Infusion (safe; 3% risk of failure)
Confirm with . or Enter, or press ? or * to list all spells.
You begin infusing your attacks with magical energy.
The ball python bites you. The ball python constricts you.
You hit the ball python.
You kill the ball python!
You barely miss the orc. The orc closely misses you.
You hit the orc.
The orc is heavily wounded.
The orc completely misses you.
You sock the orc!
You kill the orc! 2 orcs come into view.
An orc is wielding a +1 hand axe of pain.
The orc shouts! x2
An orc comes into view. It is wielding a +0 trident.
There are monsters nearby!
Throwing (i - inventory. (/) - cycle)
i - 71 poisoned tomahawks (quivered)
Press: ? - help, Shift-Dir - straight line, f - orc
Aim: an orc, wearing a +0 ring mail You throw a poisoned tomahawk.
The poisoned tomahawk hits the orc.
The orc is poisoned.
The orc is lightly wounded.
Throwing (i - inventory. (/) - cycle)
i - 70 poisoned tomahawks (quivered)
Press: ? - help, Shift-Dir - straight line, f/p - orc
Aim: an orc, wearing a +0 ring mail (lightly wounded, poisoned)
You throw a poisoned tomahawk.
The poisoned tomahawk hits the orc but does no damage.
The orc looks as sick as possible!
The orc is lightly wounded.
You kill the orc!
Throwing (i - inventory. (/) - cycle)
i - 69 poisoned tomahawks (quivered)
Press: ? - help, Shift-Dir - straight line, f - orc
Aim: an orc, wielding a +1 hand axe of pain You throw a poisoned tomahawk.
The poisoned tomahawk hits the orc.
The orc is poisoned.
The orc is moderately wounded.
An orc comes into view. It is wielding a +0 dagger.
Casting: Infusion (safe; 3% risk of failure)
Confirm with . or Enter, or press ? or * to list all spells.
You extend your infusion's duration.
You kill the orc!
The orc closely misses you.
You sock the orc!
You kill the orc!
Your Maces & Flails skill increases to level 5!
You barely miss the orc. The orc completely misses you.
You hit the orc!
You kill the orc!
Items here: )) [ † a +0 dagger; a +0 leather armour; a +0 trident; an orc corpse You see here a +1 hand axe of pain.
Your magical infusion is running out.
You are no longer magically infusing your attacks.
You butcher the orc corpse.
r - 2 chunks of flesh
Items here: )) [ ÷ a +0 dagger; a +0 leather armour; a +0 trident; an orc skeleton
Items here: )) [ ÷ a +0 dagger; a +0 leather armour; a +0 trident; an orc skeleton Eating one of 2 chunks of flesh.
You eat one of the 2 chunks of flesh.
This raw flesh tastes terrible.
You butcher the ball python corpse.
r - 3 chunks of flesh (gained 2)
You see here a ball python skeleton. x2
Found a trident.
Sigmund the Dreaded comes into view.
He is wielding a +2 scythe of protection.
Sigmund shouts!
Sigmund moves out of view.
Okay, then.
Casting: Infusion (safe; 3% risk of failure)
Confirm with . or Enter, or press ? or * to list all spells.
You begin infusing your attacks with magical energy.
Casting: Infusion (safe; 3% risk of failure)
Confirm with . or Enter, or press ? or * to list all spells.
You miscast Regeneration.
You are very lightly contaminated with residual magic.
You sense a malignant aura.
Sigmund hits you with a +2 scythe of protection.
Casting: Regeneration (safe; 22% risk of failure)
Confirm with . or Enter, or press ? or * to list all spells.
You miscast Ozocubu's Armour.
Your skin tingles.
Sigmund hits you with a +2 scythe of protection.
You barely miss Sigmund. You closely miss Sigmund. Sigmund barely misses you.
You thump Sigmund!
Sigmund is moderately wounded.
Sigmund closely misses you.
You hit Sigmund.
Sigmund is moderately wounded.
You are feeling hungry.
You closely miss Sigmund.
Sigmund is moderately wounded.
Sigmund hits you with a +2 scythe of protection!
You closely miss Sigmund.
Sigmund is moderately wounded.
Sigmund completely misses you.
You hit Sigmund.
Sigmund is heavily wounded.
Your magical infusion is running out.
Sigmund closely misses you.
You hit Sigmund.
Sigmund is severely wounded.
You hit Sigmund.
Sigmund is almost dead.
Sigmund points at you and mumbles some strange words.
The magic dart hits you!
Sigmund hits you with a +2 scythe of protection!
You hit Sigmund.
You kill Sigmund!
Training target 2.0 for Necromancy reached!
Your Necromancy skill gained 2 levels and is now at level 2!
You have reached level 6!
Your experience leads to an increase in your attributes!
Increase (S)trength, (I)ntelligence, or (D)exterity?
You feel clever.
Things that are here:
a +2 scythe of protection; a +0 robe You are no longer magically infusing your attacks.
You start resting.
Eating one of 3 chunks of flesh.
You eat one of the 3 chunks of flesh.
This raw flesh tastes terrible.
All of the chunks of flesh in your inventory have rotted away.
Your magical contamination has completely faded away.
You start resting.
Magic restored.
HP restored.
Okay, then.
You swing at nothing.
You swing at nothing.
Things that are here:
a +2 scythe of protection; a +0 robe You now have 212 gold pieces (gained 1).
You now have 213 gold pieces (gained 1).
You now have 214 gold pieces (gained 1).
Found a stone staircase leading up.
You aren't carrying any pieces of jewellery.
As you read the scroll labeled UTWAGE ZUMOO, it crumbles to dust.
The scroll dissolves into smoke.
It was a scroll of fog.
A worm comes into view.
Found an escape hatch in the floor.
Casting: Ozocubu's Armour (safe; 17% risk of failure)
Confirm with . or Enter, or press ? or * to list all spells.
You begin infusing your attacks with magical energy.
You hit the worm.
The worm is moderately wounded.
You sock the worm!
You kill the worm!
An adder comes into view.
Found 93 sling bullets.
An adder skeleton comes into view.
There are monsters nearby!
Throwing (i - inventory. (/) - cycle)
i - 68 poisoned tomahawks (quivered)
Press: ? - help, Shift-Dir - straight line, f - adder
Aim: an adder You throw a poisoned tomahawk.
The poisoned tomahawk barely misses the adder.
The poisoned tomahawk hits the adder skeleton.
The adder skeleton is moderately damaged.
You hit the adder!
The adder is almost dead.
The adder bites you. The adder closely misses you.
You sock the adder!
You kill the adder!
You sock the adder skeleton!
You destroy the adder skeleton!
Your magical infusion is running out.
You see here an adder corpse.
You are no longer magically infusing your attacks.
You butcher the adder corpse.
b - a chunk of flesh You see here an adder skeleton. x2
r - 93 sling bullets
Found a spear.
You see here a spear.
A kobold comes into view.
The kobold throws a stone.
The stone misses you.
Throwing (i - inventory. (/) - cycle)
i - 67 poisoned tomahawks (quivered)
Press: ? - help, Shift-Dir - straight line, f - kobold
Aim: a kobold You throw a poisoned tomahawk.
The poisoned tomahawk hits the kobold.
You kill the kobold!
Throwing (i - inventory. (/) - cycle)
i - 66 poisoned tomahawks (quivered)
Press: ? - help, Shift-Dir - straight line, f - you
Okay, then.
p - 215 stones (gained 2)
Found a stone staircase leading up.
Eating a chunk of flesh.
You eat the chunk of flesh.
This raw flesh tastes terrible.
Things that are here:
a +2 scythe of protection; a +0 robe Done exploring.
Done exploring.
Search for what [Enter for "."]? armo
There is an escape hatch in the floor here.
You slide downwards.
The hatch slams shut behind you.
Found Eduidu's Distillery.
There is an entrance to Eduidu's Distillery here.
b - a potion of mutation Thank you for shopping at Eduidu's Distillery!
You can access your shopping list by pressing '$'.
Really quaff the potion of mutation?
You feel extremely strange.
You feel weaker.
Your feet thicken and deform.
You feel stronger.
You can access your shopping list by pressing '$'.
A jackal comes into view.
The jackal barks!
A jackal comes into view.
The jackal barks!
Casting: Infusion (safe; 2% risk of failure)
Confirm with . or Enter, or press ? or * to list all spells.
You begin infusing your attacks with magical energy.
You hit the jackal!
You kill the jackal!
You hit the jackal.
You kill the jackal!
Your magical infusion is running out.
You are no longer magically infusing your attacks.
Magic restored.
You butcher the jackal corpse.
b - 2 chunks of flesh You see here a jackal skeleton. x2
You butcher the jackal corpse.
b - 5 chunks of flesh (gained 3)
You see here a jackal skeleton. x2
Found a stone staircase leading up.
Found a stone staircase leading down.
There is a stone staircase leading down here.
Found a runed long sword.
Found Ferysuge's Weapon Emporium.
There is an entrance to Ferysuge's Weapon Emporium here.
You can access your shopping list by pressing '$'.
The goblin is too close now for your liking.
The goblin shouts!
You hear a bark!
You see here a ration {!d}.
Casting: Infusion (safe; 2% risk of failure)
Confirm with . or Enter, or press ? or * to list all spells.
You begin infusing your attacks with magical energy.
You sock the goblin!
You kill the goblin!
No target in view!
No target in view!
Your magical infusion is running out.
f - 10 rations {!d} (gained 1)
You are no longer magically infusing your attacks.
s - an emerald potion
k - 2 scrolls of teleportation (gained 1)
You now have 150 gold pieces (gained 16).
You now have enough gold to buy 2 potions of cancellation on this level.
You can access your shopping list by pressing '$'.
You now have 163 gold pieces (gained 13).
A hound comes into view.
The hound barks!
Found a club.
Throwing (i - inventory. (/) - cycle)
i - 66 poisoned tomahawks (quivered)
Press: ? - help, Shift-Dir - straight line, f - hound
Aim: a hound You throw a poisoned tomahawk.
The poisoned tomahawk closely misses the hound.
Throwing (i - inventory. (/) - cycle)
i - 65 poisoned tomahawks (quivered)
Press: ? - help, Shift-Dir - straight line, f/p - hound
Aim: a hound You throw a poisoned tomahawk.
The poisoned tomahawk misses the hound.
Casting: Infusion (safe; 2% risk of failure)
Confirm with . or Enter, or press ? or * to list all spells.
You begin infusing your attacks with magical energy.
The hound barely misses you.
You hit the hound.
The hound is heavily wounded.
The hound bites you. x2
You closely miss the hound.
The hound is heavily wounded.
The hound closely misses you.
You barely miss the hound. Your kick misses the hound.
The hound is heavily wounded.
The hound misses you. The hound barely misses you.
You hit the hound!
You kill the hound!
Your Maces & Flails skill increases to level 6!
You see here a hound corpse.
You butcher the hound corpse.
b - 7 chunks of flesh (gained 2)
You see here a hound skeleton.
Your magical infusion is running out.
You are no longer magically infusing your attacks.
HP restored.
You open the large door.
A scorpion comes into view.
Throwing (i - inventory. (/) - cycle)
i - 64 poisoned tomahawks (quivered)
Press: ? - help, Shift-Dir - straight line, f - scorpion
Aim: a scorpion You throw a poisoned tomahawk.
The poisoned tomahawk barely misses the scorpion.
The scorpion stings you!
You are poisoned.
The scorpion poisons you!
Casting: Infusion (safe; 2% risk of failure)
Confirm with . or Enter, or press ? or * to list all spells.
You miscast Infusion.
You are very lightly contaminated with residual magic.
Nothing appears to happen.
You feel sick. The scorpion barely misses you.
Throwing (i - inventory. (/) - cycle)
i - 63 poisoned tomahawks (quivered)
Press: ? - help, Shift-Dir - straight line, f/p - scorpion
Aim: a scorpion You throw a poisoned tomahawk.
The poisoned tomahawk barely misses the scorpion.
You feel sick. The scorpion closely misses you.
Throwing (i - inventory. (/) - cycle)
i - 62 poisoned tomahawks (quivered)
Press: ? - help, Shift-Dir - straight line, f/p - scorpion
Aim: a scorpion You throw a poisoned tomahawk.
The poisoned tomahawk hits the scorpion.
The scorpion is poisoned.
The scorpion is lightly wounded.
The scorpion stings you but does no damage.
You hit the scorpion.
The scorpion is almost dead.
You feel sick.
You kill the scorpion!
You have reached level 7!
You start resting.
You feel sick.
Eating one of 7 chunks of flesh.
You eat one of the 7 chunks of flesh.
This raw flesh tastes terrible.
You feel sick. x3
Magic restored.
You feel sick.
Your magical contamination has completely faded away.
You start resting.
You feel sick.
You are no longer poisoned.
Some of the chunks of flesh in your inventory have rotted away.
HP restored.
There is a large open door here.
You open the large door.
There is a large open door here.
f - 11 rations {!d} (gained 1)
You now have 179 gold pieces (gained 16).
You open the door.
A crimson imp comes into view.
The crimson imp shouts!
Found Imuywk's Antique Armour Boutique.
Casting: Infusion (safe; 2% risk of failure)
Confirm with . or Enter, or press ? or * to list all spells.
You begin infusing your attacks with magical energy.
You closely miss the crimson imp.
The crimson imp blinks!
Throwing (i - inventory. (/) - cycle)
i - 61 poisoned tomahawks (quivered)
Press: ? - help, Shift-Dir - straight line, f - crimson imp
Aim: a crimson imp You throw a poisoned tomahawk.
The poisoned tomahawk closely misses the crimson imp.
Quiver which item? (- for none, * to show all) (? for menu, Esc to quit)
Okay, then.
You hit the crimson imp. Your kick misses the crimson imp.
The crimson imp is heavily wounded.
The crimson imp closely misses you.
The crimson imp blinks!
No target in view!
A frilled lizard comes into view.
The frilled lizard hisses angrily.
The crimson imp hits you but does no damage.
You barely miss the crimson imp.
The crimson imp is lightly wounded.
The crimson imp hits you but does no damage.
You sock the crimson imp!
You kill the crimson imp!
The frilled lizard bites you.
You closely miss the frilled lizard. Your kick misses the frilled lizard.
The frilled lizard bites you but does no damage.
You barely miss the frilled lizard. The frilled lizard barely misses you.
You miss the frilled lizard. The frilled lizard misses you.
The frilled lizard bites you.
You hit the frilled lizard!
You kill the frilled lizard!
Your magical infusion is running out.
No target in view!
No target in view!
You are no longer magically infusing your attacks.
Magic restored.
You butcher the frilled lizard corpse.
b - 3 chunks of flesh (gained 1)
You see here a frilled lizard skeleton. x2
There is an open door here.
There is an entrance to Imuywk's Antique Armour Boutique here.
You can access your shopping list by pressing '$'.
There is an open door here.
Some of the chunks of flesh in your inventory have rotted away.
Found Ylulus's Antique Weapon Shoppe.
There is an entrance to Ylulus's Antique Weapon Shoppe here.
t - a glowing morningstar Thank you for shopping at Ylulus's Antique Weapon Shoppe!
Wield which item (- for none, * to show all)? (? for menu, Esc to quit)
You sense an unholy aura.
t - a +0 morningstar of draining (weapon)
You swing at nothing.
You swing at nothing.
Adjust (i)tems, (s)pells, or (a)bilities?
Adjust which item? (? for menu, Esc to quit)
r - 93 sling bullets Adjust to which letter? (? for menu, Esc to quit)
b - 93 sling bullets;
r - a chunk of flesh An orc wizard comes into view.
It is wielding a +0 dagger.
The orc wizard shouts!
You hear a shout! x2
The orc wizard looks braver for a moment.
An orc comes into view. It is wielding a +0 club.
Found 12 gold pieces.
Adjust (i)tems, (s)pells, or (a)bilities?
Adjust which item? (? for menu, Esc to quit)
t - a +0 morningstar of draining (weapon)
Adjust to which letter? (? for menu, Esc to quit)
b - a +0 morningstar of draining (weapon)
t - 93 sling bullets
a - a +2 flail of crushing (weapon)
The orc shouts!
An orc wizard comes into view. It is wielding a +0 dagger.
Throwing (i - inventory. (/) - cycle)
i - 60 poisoned tomahawks (quivered)
Press: ? - help, Shift-Dir - straight line, f - orc wizard
Aim: an orc wizard, wielding a +0 dagger and wearing a +0 robe (hasn't noticed you)
You throw a poisoned tomahawk.
The poisoned tomahawk barely misses the orc wizard.
An orc comes into view.
Throwing (i - inventory. (/) - cycle)
i - 59 poisoned tomahawks (quivered)
Press: ? - help, Shift-Dir - straight line, f/p - orc wizard
Aim: an orc wizard, wielding a +0 dagger and wearing a +0 robe You throw a poisoned tomahawk.
The orc shouts!
The poisoned tomahawk hits the orc wizard.
The orc wizard is poisoned.
The orc wizard is lightly wounded.
The orc wizard casts a spell.
The orc wizard blinks!
An orc priest comes into view. It is wielding a +0 hand axe.
The orc wizard looks satisfied for a moment.
You hear a shout!
Casting: Infusion (safe; 2% risk of failure)
Confirm with . or Enter, or press ? or * to list all spells.
You start singing a song of slaying.
The orc wizard points at you and mumbles some strange words.
The magic dart hits you!
Casting: Song of Slaying (safe; 3% risk of failure)
Confirm with . or Enter, or press ? or * to list all spells.
You begin infusing your attacks with magical energy.
The orc wizard points at you and mumbles some strange words.
The magic dart hits you!
You hit the orc wizard.
You kill the orc wizard!
Your Charms skill increases to level 5!
You hear a shout!
You barely miss the orc.
An orc comes into view. It is wielding a +0 flail.
The orc closely misses you.
The orc shouts!
You sock the orc!
You kill the orc!
The orc wizard points at you and mumbles some strange words.
You easily resist.
You barely miss the orc wizard. You kick the orc wizard.
The orc wizard is moderately wounded.
The orc wizard hits you but does no damage.
You barely miss the orc wizard. Your kick misses the orc wizard.
The orc wizard is moderately wounded.
An orc comes into view. It is wielding a +0 short sword.
The orc wizard misses you.
The orc priest mumbles some strange prayers to Beogh against you.
Beogh smites you! The orc hits you with a +0 flail.
You hit the orc wizard!
You kill the orc wizard!
A sky beast and 2 orcs come into view.
The orc shouts! x2
The orc misses you.
The orc throws a tomahawk.
The tomahawk barely misses you.
The tomahawk hits the orc.
Items here: )) [[ †† The orc priest closely misses you.
The orc hits you but does no damage. The orc hits you with a +0 flail.
You hit the orc priest.
The orc priest is heavily wounded.
The orc priest calls down the wrath of Beogh upon you.
Beogh smites you!
* * * LOW HITPOINT WARNING * * *
The orc misses you.
You closely miss the orc priest.
You kick the orc priest, but do no damage.
The orc priest is heavily wounded.
The orc hits you but does no damage. The orc closely misses you.
The orc priest hits you but does no damage.
You hit the orc priest.
The orc priest is almost dead.
The orc barely misses you. The orc hits you with a +0 short sword.
* * * LOW HITPOINT WARNING * * *
The orc priest calls down the wrath of Beogh upon you.
Beogh smites you!
You die...

##### #...#####.$.
##..o@ooYoo..
#..)o#####...
#...## ##...#
#....# #....#
##...#######
###.....##..#
........∩#...######


You could see a sky beast, an orc priest and 5 orcs.

Vanquished Creatures
  Sigmund (D:3)
  A big kobold (D:3)
  A scorpion (D:4)
  A crimson imp (D:4)
  A hound (D:4)
  2 orc wizards (D:4)
  Robin (D:1)
  4 adders (D:3)
  An adder skeleton (D:3)
  2 dart slugs (D:1)
  3 worms
  4 leopard geckos
  10 orcs
  2 ball pythons (D:3)
  A giant cockroach (D:1)
  9 goblins
  10 hobgoblins
  5 jackals
  7 kobolds
  4 quokkas
  2 bats (D:1)
  4 frilled lizards
76 creatures vanquished.

Notes
Turn   | Place    | Note
-------+----------+-------------------------------------------
     0 | D:1      | Raine357 the Sand Dwarf Skald began the quest for the Orb.
     0 | D:1      | Reached XP level 1. HP: 18/18 MP: 3/3
   182 | D:1      | Reached XP level 2. HP: 22/25 MP: 0/5
   243 | D:1      | Learned a level 2 spell: Song of Slaying
   708 | D:2      | Noticed Robin
   771 | D:1      | Killed Robin
   771 | D:1      | Reached XP level 3. HP: 28/31 MP: 0/6
  1101 | D:2      | Learned a level 3 spell: Ozocubu's Armour
  1227 | D:2      | Reached skill level 4 in Maces & Flails
  1569 | D:2      | Reached XP level 4. HP: 37/38 MP: 3/7
  1966 | D:3      | Noticed a big kobold
  1983 | D:3      | Killed a big kobold
  1983 | D:3      | Reached skill level 1 in Ice Magic
  1983 | D:3      | Reached XP level 5. HP: 31/45 MP: 2/9
  1988 | D:3      | Learned a level 3 spell: Regeneration
  2578 | D:3      | Reached skill level 5 in Maces & Flails
  2754 | D:3      | Noticed Sigmund
  2769 | D:3      | Killed Sigmund
  2769 | D:3      | Reached XP level 6. HP: 19/51 MP: 0/10
  3187 | D:4      | Found Eduidu's Distillery.
  3194 | D:4      | Bought a potion of mutation for 80 gold pieces
  3194 | D:4      | Gained mutation: You are weak. (Str -2) [potion of
                  | mutation]
  3194 | D:4      | Gained mutation: You have large cloven feet. [potion of
                  | mutation]
  3194 | D:4      | Lost mutation: You are weak. (Str -2) [potion of mutation]
  3239 | D:4      | Found Ferysuge's Weapon Emporium.
  3304 | D:4      | Reached skill level 6 in Maces & Flails
  3348 | D:4      | Reached XP level 7. HP: 46/57 MP: 9/11
  3468 | D:4      | Found Imuywk's Antique Armour Boutique.
  3546 | D:4      | Found Ylulus's Antique Weapon Shoppe.
  3552 | D:4      | Bought a glowing morningstar for 133 gold pieces
  3572 | D:4      | Reached skill level 5 in Charms
  3582 | D:4      | HP: 9/57 [orc/+0 short sword (5)]
  3582 | D:4      | Killed from afar by an orc priest

Skill      XL: |  1  2  3  4  5  6  7 |
---------------+----------------------+-----
Fighting       | 3 |  3.0
Maces & Flails | 4 5 6 |  6.5
Spellcasting   | 3 |  3.5
Ice Magic      | 1 |  1.1
Charms         | 4 5 |  5.0
Necromancy     | 2 |  2.1
Armour         | |  1.2
Dodging        | |  1.5

Action                   |  1- 3 |  4- 6 |  7- 9 || total
-------------------------+-------+-------+-------++-------
Melee: Mace              |    87 |     1 |       ||    88
       Flail             |       |   101 |    17 ||   118
       Kick              |       |       |     2 ||     2
Throw: Tomahawk          |       |    20 |     3 ||    23
 Cast: Infusion          |    15 |    18 |     2 ||    35
       Song of Slaying   |     2 |       |     1 ||     3
       Ozocubu's Armour  |     1 |     1 |       ||     2
  Use: Scroll            |       |     5 |       ||     5
       Potion            |       |     1 |       ||     1
  Eat: Chunk             |     2 |     4 |     1 ||     7
       Ration            |     1 |       |       ||     1
Armor: Leather armour    |    29 |     1 |       ||    30
       Ring mail         |       |    27 |     6 ||    33
Dodge: Dodged            |    88 |    75 |    11 ||   174

Table legend:
 A = Turns spent in this place as a percentage of turns spent in the entire game.
 B = Non-inter-level travel turns spent in this place as a percentage of non-inter-level travel turns spent in the entire game.
 C = Inter-level travel turns spent in this place as a percentage of turns spent in this place.
 D = Turns resting spent in this place as a percentage of non-inter-level travel turns spent in this place.
 E = Turns spent auto-exploring this place as a percentage of non-inter-level travel turns spent in this place.
 F = Non-inter-level travel turns spent in this place divided by the number of levels of this place that you've seen.
                   A       B       C       D       E      F
               +-------+-------+-------+-------+-------+----------------------
         Total | 100.0 | 100.0 |   4.5 |  18.7 |  64.7 | 855.2
       Dungeon | 100.0 | 100.0 |   4.5 |  18.7 |  64.7 | 855.2
               +-------+-------+-------+-------+-------+----------------------

Table legend:
 A = Kills in this place as a percentage of kills in entire the game.
 B = Kills by you in this place as a percentage of kills by you in the entire game.
 C = Kills by friends in this place as a percentage of kills by friends in the entire game.
 D = Other kills in this place as a percentage of other kills in the entire game.
 E = Experience gained in this place as a percentage of experience gained in the entire game.
 F = Experience gained in this place divided by the number of levels of this place that you have seen.
                   A       B       C       D       E      F
               +-------+-------+-------+-------+-------+----------------------
         Total | 100.0 | 100.0 |   N/A |   N/A | 100.0 | 193.0
       Dungeon | 100.0 | 100.0 |   N/A |   N/A | 100.0 | 193.0
               +-------+-------+-------+-------+-------+----------------------
